 Dungeon Crawl Stone Soup version 0.24-a0-201-gf205589 (webtiles) character file.

Game seed: 11640935145856079329

5821 Borgoz the Skirmisher (level 10, -2/63 HPs)
             Began as a Gargoyle Gladiator on Mar 26, 2019.
             Was an Initiate of Ashenzari.
             Slain by a hound (4 damage)
             ... on level 10 of the Dungeon.
             The game lasted 00:24:48 (9872 turns).

Borgoz the Skirmisher (Gargoyle Gladiator)          Turns: 9872, Time: 00:24:49

Health: -2/63      AC: 13    Str: 21    XL:     10   Next: 80%
Magic:  12/13      EV: 15    Int:  9    God:    Ashenzari [......]
Gold:   532        SH:  0    Dex: 14    Spells: 5/14 levels left

rFire    . . .     SeeInvis .   u - +1 dagger (venom)
rCold    . . .     Gourm    .   (no shield)
rNeg     + . .     Faith    .   I - +0 troll leather armour
rPois    ∞         Spirit   .   r - +0 helmet
rElec    +         Reflect  .   B - scarf {repulsion}
rCorr    +         Harm     .   (no gloves)
MR       .....                  (no boots)
Stlth    +++.......             (no amulet)
HPRegen  0.60/turn              D - ring of resist corrosion
MPRegen  0.13/turn              G - +3 ring of strength

@: confusing touch, slowed, repel missiles, very slow
A: negative energy resistance 1, electricity resistance, unbreathing,
petrification resistance, rot immunity, AC +7
a: Curse Item, Renounce Religion


You were on level 10 of the Dungeon.
You worshipped Ashenzari.
Ashenzari was noncommittal.
You were hungry.

You visited 2 branches of the dungeon, and saw 11 of its levels.

You collected 532 gold pieces.

Inventory:

Hand Weapons
 a - a cursed +0 dagger of venom
 q - a +0 rapier
 u - a +1 dagger of venom (weapon)
 A - a +0 dagger of freezing
 F - a +3 quarterstaff of chaos
Missiles
 d - 3 throwing nets (quivered)
 w - 5 javelins
Armour
 n - the +0 robe "Zyoxt" {rF+}
   (You found it on level 4 of the Dungeon)

   It protects you from fire.
 r - a +0 helmet (worn)
 B - a scarf of repulsion (worn)
 I - a +0 troll leather armour (worn)
Jewellery
 D - a ring of resist corrosion (left hand)
 G - a +3 ring of strength (right hand)
Wands
 s - a wand of paralysis (6)
 y - a wand of iceblast (3)
 z - a wand of acid (2)
 E - a wand of flame (14)
Scrolls
 b - a scroll of enchant weapon {unknown}
 e - 11 scrolls of teleportation
 g - 3 scrolls of fog
 k - 2 scrolls of remove curse
 l - a scroll of random uselessness {unknown}
 o - 3 scrolls of blinking {unknown}
 p - a scroll of summoning {unknown}
 t - 3 scrolls of immolation {unknown}
 v - 2 scrolls of enchant armour
 x - 3 scrolls of amnesia
 C - a scroll of fear {unknown}
Potions
 c - 3 potions of might
 h - 3 potions of brilliance
 i - a potion of mutation
 j - 6 potions of haste
 m - 2 potions of resistance
Comestibles
 f - 10 rations


   Skills:
 + Level 7.4 Fighting
 + Level 6.6 Short Blades
 - Level 1.7 Throwing
 + Level 7.0 Armour
 + Level 5.9 Dodging
 + Level 6.2 Stealth
 + Level 2.5 Spellcasting
 + Level 2.4 Hexes
 + Level 5.2 Evocations


You had 5 spell levels left.
You knew the following spells:

 Your Spells              Type           Power        Failure   Level  Hunger
a - Confusing Touch       Hex            #.....       14%         1    ##.....
b - Confuse               Hex            #.......     38%         3    ####...
c - Blink                 Tloc           N/A          50%         2    ###....
d - Mephitic Cloud        Conj/Pois/Air  #.......     73%         3    ####...

Your spell library contained the following spells:

 Spells                   Type           Power        Failure   Level  Hunger
 Corona                   Hex            #......      14%         1    ##.....
 Slow                     Hex            #.......     21%         2    ###....
 Magic Dart               Conj           #...         36%         1    ##.....
 Call Imp                 Summ           #.......     50%         2    ###....
 Inner Flame              Hex/Fire       #.......     54%         3    ####...
 Portal Projectile        Hex/Tloc       #.....       54%         3    ####...
 Conjure Flame            Conj/Fire      #.......     73%         3    ####...
 Gell's Gravitas          Tloc           #.........   73%         3    ####...
 Cause Fear               Hex            #.........   80%         4    #####..
 Leda's Liquefaction      Hex/Erth       #.........   91%         4    #####..
 Petrify                  Tmut/Erth      #.......     98%         4    #####..
 Metabolic Englaciation   Hex/Ice        #.........   99%         5    ######.
 Yara's Violent Unravell  Hex/Tmut       #.........   99%         5    ######.


Dungeon Overview and Level Annotations

Branches:
Dungeon (10/15)            Temple (1/1) D:7            Lair (0/6) D:9
    Orc: D:9-12

Altars:
Ashenzari
Cheibriados
Dithmenos
Elyvilon
Fedhas
Gozag
Hepliaklqana
Kikubaaqudgha
Makhleb
Nemelex Xobeh
Okawaru
Qazlal
Ru
Sif Muna
Trog
Uskayaw
Vehumet
Wu Jian
Xom
Yredelemnul
Zin
The Shining One

Shops:
D:7 *


Innate Abilities, Weirdness & Mutations

You are resistant to torment.
Your stone body is resilient. (AC +7)
You are immune to poison.
You resist negative energy. (rN+)
You are resistant to electric shocks. (rElec)
You can survive without breathing.
You are immune to petrification.
You are immune to rotting.


Message History

The helpless Josephine fails to defend herself.
You skewer Josephine like a kebab!!!
You kill Josephine!
Your life force feels restored.
Your Armour skill increases to level 7!
A hound comes into view.
The wraith closely misses you.
Casting: Confusing Touch (safe; 14% risk of failure)
Confirm with . or Enter, or press ? or * to list all spells.
Your hands begin to glow red.
The hound barks!
The wraith hits you!
* * * LOW HITPOINT WARNING * * *
The hound bites you but does no damage. The wraith hits you.
* * * LOW HITPOINT WARNING * * *
The wraith drains your vigour!
You feel as though you will be slow longer.
You hit the wraith but do no damage. The hound bites you but does no damage.
The wraith hits you but does no damage. The hound bites you.
You die...

###...#.#.....# .
#.##..#......# ..
#...........##
.###............#
.....##........#
.#
#..##........###
..#..
#..##.....#....##
.....
#.<......[......#
.....
##.@W.##...###....
...# ##h)......#
...
#..###......#####
.
#..#.#.........##
#...............#
#.............###
#..##........##
..###..##.......##
#...............##


You could see a wraith and a hound.

Vanquished Creatures
  Josephine (D:10)
  Pikel (D:8)
  A komodo dragon (D:9)
  A troll (D:9)
  A wyvern (D:9)
  A vampire (D:9)
  3 wraiths (D:9)
  4 slaves (D:8)
  3 sky beasts
  4 phantoms
  An ice beast (D:7)
  3 ogres
  2 black bears
  4 centaurs
  A bullfrog (D:7)
  A water moccasin zombie (D:5)
  3 jellies
  6 killer bees (D:8)
  4 wights (D:9)
  2 howler monkeys (D:9)
  A centaur zombie (D:5)
  2 crimson imps
  5 hounds
  3 centaur skeletons
  Crazy Yiuf (D:7)
  2 bullfrog zombies (D:6)
  3 orc priests
  11 orc wizards
  An iguana (D:7)
  6 worker ants
  A killer bee zombie (D:9)
  A hound zombie (D:3)
  Robin (D:2)
  3 gnolls (D:4)
  6 adders
  3 shadow imps
  An ooze (D:4)
  An adder zombie (D:9)
  An adder skeleton (D:4)
  A worm (D:3)
  3 dart slugs (D:1)
  9 leopard geckos
  35 orcs
  6 giant cockroaches
  17 goblins
  7 hobgoblins
  11 jackals
  5 kobolds
  5 quokkas
  A ball python (D:1)
  A ball python zombie (D:3)
  3 bats
  7 frilled lizards
  A giant cockroach zombie (D:5)
  3 quokka skeletons
  4 rats
219 creatures vanquished.

Vanquished Creatures (others)
  A plant (D:9)
1 creature vanquished.

Grand Total: 220 creatures vanquished

Notes
Turn   | Place    | Note
-------+----------+-------------------------------------------
     0 | D:1      | Borgoz the Gargoyle Gladiator began the quest for the Orb.
     0 | D:1      | Reached XP level 1. HP: 12/12 MP: 1/1
   244 | D:1      | Reached XP level 2. HP: 18/18 MP: 2/2
   816 | D:1      | Reached skill level 1 in Stealth
   916 | D:2      | Reached skill level 1 in Armour
   916 | D:2      | Reached XP level 3. HP: 11/22 MP: 3/3
  1081 | D:2      | Found a faded altar of an unknown god.
  1088 | D:2      | Noticed Robin
  1355 | D:2      | Killed Robin
  1501 | D:2      | Reached XP level 4. HP: 21/27 MP: 4/4
  2076 | D:3      | Reached XP level 5. HP: 25/32 MP: 5/5
  2629 | D:4      | Noticed a phantom
  2648 | D:4      | Killed a phantom
  2648 | D:4      | Reached XP level 6. HP: 37/37 MP: 6/6
  2783 | D:4      | Noticed a phantom
  2811 | D:4      | Reached skill level 1 in Evocations
  2830 | D:4      | Killed a phantom
  2830 | D:4      | Reached XP level 7. HP: 11/42 MP: 7/7
  3127 | D:4      | Got a brightly glowing robe
  3138 | D:4      | Identified the cursed +0 robe "Zyoxt" {rF+} (You found it
                  | on level 4 of the Dungeon)
  3645 | D:4      | Reached XP level 8. HP: 48/48 MP: 9/9
  4069 | D:5      | Entered Level 5 of the Dungeon
  4834 | D:5      | Reached skill level 5 in Fighting
  5308 | D:6      | Reached skill level 5 in Stealth
  5835 | D:7      | Reached skill level 5 in Short Blades
  5894 | D:7      | Found a staircase to the Ecumenical Temple.
  5912 | D:7      | Reached XP level 9. HP: 35/54 MP: 11/11
  5916 | D:7      | Reached skill level 5 in Armour
  5934 | Temple   | Entered the Ecumenical Temple
  6037 | Temple   | Became a worshipper of Ashenzari the Shackled
  6156 | D:7      | Found a shadowy altar of Dithmenos.
  6508 | D:7      | Found Biaqiphe's General Store.
  6589 | D:7      | Found a runed translucent door.
  6590 | D:7      | Noticed Crazy Yiuf
  6604 | D:7      | Killed Crazy Yiuf
  7186 | D:9      | Reached skill level 5 in Dodging
  7637 | D:8      | Noticed Pikel
  7710 | D:8      | Killed Pikel
  7886 | D:8      | Learned a level 1 spell: Confusing Touch
  7890 | D:8      | Learned a level 3 spell: Confuse
  8230 | D:8      | Found an ornate altar of the Wu Jian Council.
  8648 | D:9      | Reached XP level 10. HP: 54/61 MP: 13/13
  8857 | D:9      | Reached skill level 1 in Spellcasting
  8857 | D:9      | Reached skill level 1 in Hexes
  9337 | D:9      | Found a staircase to the Lair.
  9447 | D:9      | Learned a level 2 spell: Blink
  9451 | D:9      | Learned a level 3 spell: Mephitic Cloud
  9551 | D:9      | Reached skill level 5 in Evocations
  9749 | D:10     | Entered Level 10 of the Dungeon
  9783 | D:10     | Noticed Josephine
  9870 | D:10     | Killed Josephine
  9871 | D:10     | HP: 1/63 [wraith[Josephine] (4)]
  9872 | D:10     | Slain by a hound

Levels and vault maps discovered:
D:1:      lemuel_arrival_muddy, layout_basic
D:2:      layout_basic, chequers_ecumenical_altar_simple, serial_forest,
          infiniplex_forest_straight_2, infiniplex_forest_clump_diagonal,
          infiniplex_forest_lined_corner, infiniplex_forest_clump_small,
          infiniplex_forest_join, infiniplex_forest_lined_4_way,
          infiniplex_forest_clump_cross, uniq_robin
D:3:      layout_rooms, first_ration, serial_undead, serial_undead_b,
          serial_undead_e, serial_undead_c, serial_undead_b, grunt_ministairs_8
D:4:      minmay_door_path, layout_basic
D:5:      layout_rooms
D:6:      layout_cave_pods
D:7:      layout_rooms, minmay_temple_entry_grid, serial_shops,
          nicolae_shop_crystal, basic_altar, uniq_crazy_yiuf_cottage
D:8:      layout_basic, nicolae_overflow_crystal_walls, uniq_pikel
D:9:      layout_loops_ring, david_lair_shrubbed
D:10:     layout_cave_pools, gammafunk_ghost_berserking_beasts,
          blue_anna_alchemist [blue_anna_fruit_fields, blue_anna_fruit_fields],
          minmay_statue_crystal_thing, uniq_nergalle, uniq_josephine,
          uniq_psyche
Temple:   kilobyte_greek_temple

Skill      XL: |  1  2  3  4  5  6  7  8  9 10 |
---------------+-------------------------------+-----
Stealth        | 1 2 3 4 5 6 |  6.2
Short Blades   | 3 4 5 6 |  6.6
Armour         | 1 2 3 4 6 7 |  7.0
Fighting       | 3 4 5 6 7 |  7.4
Dodging        | 3 4 5 |  5.9
Evocations     | 1 2 3 4 5 |  5.2
Spellcasting   | 2 |  2.5
Hexes          | 2 |  2.4
Throwing       | |  1.7

Action                   |  1- 3 |  4- 6 |  7- 9 | 10-12 || total
-------------------------+-------+-------+-------+-------++-------
Melee: Rapier            |    78 |       |       |       ||    78
       Dagger            |    23 |   235 |   761 |   235 ||  1254
 Cast: Confusing Touch   |       |       |       |     9 ||     9
Invok: Curse Item        |       |       |       |     1 ||     1
Evoke: Wand              |       |     4 |     1 |     7 ||    12
  Use: Potion            |       |     1 |       |       ||     1
       Scroll            |       |       |       |     9 ||     9
 Stab: Sleeping          |       |     1 |     5 |     6 ||    12
       Confused          |       |       |       |     4 ||     4
       Paralysed         |       |       |       |     2 ||     2
  Eat: Chunk             |     2 |     4 |    16 |     4 ||    26
       Ration            |       |       |     1 |       ||     1
Armor: Leather armour    |    49 |    99 |       |       ||   148
       Robe              |       |       |   223 |    33 ||   256
       Troll leather arm |       |       |       |    44 ||    44
Dodge: Dodged            |    57 |   152 |   448 |   167 ||   824
       Deflected         |       |       |     7 |       ||     7

Table legend:
 A = Non-vault XP
 B = Vault XP
 C = Vault XP percentage of total XP
 D = Non-vault monster count
 E = Vault monster count
 F = Vault count percentage of total count
                 A         B        C        D         E       F
            +---------+---------+-------+---------+---------+-------
      Total |    5494 |    2823 |  33.9 |     190 |      25 |  11.6
            +---------+---------+-------+---------+---------+-------
        D:1 |      27 |      12 |  30.8 |      13 |       6 |  31.6
        D:2 |      88 |      23 |  20.7 |      13 |       5 |  27.8
        D:3 |     116 |      26 |  18.3 |      29 |       5 |  14.7
        D:4 |     951 |     115 |  10.8 |      35 |       2 |   5.4
        D:5 |     526 |       0 |   0.0 |      26 |       0 |   0.0
        D:6 |     149 |       0 |   0.0 |       5 |       0 |   0.0
        D:7 |     649 |      41 |   5.9 |      16 |       1 |   5.9
        D:8 |    1080 |     607 |  36.0 |      25 |       1 |   3.8
        D:9 |    1908 |     919 |  32.5 |      28 |       4 |  12.5
       D:10 |       0 |    1080 | 100.0 |       0 |       1 | 100.0
            +---------+---------+-------+---------+---------+-------
